 Dungeon Crawl Stone Soup version 0.27.1-35-g4d5d836560 (console) character file.

Game seed: 4092361013828073767

786 grimtooth the Ruffian (level 7, -7/61 HPs)
             Began as a Troll Arcane Marksman on Apr 22, 2022.
             Shot with an arrow by a centaur (10 damage)
             ... on level 5 of the Dungeon.
             The game lasted 00:15:21 (3494 turns).

grimtooth the Ruffian (Troll Arcane Marksman)       Turns: 3494, Time: 00:15:22

Health: -7/61      AC:  4    Str: 25    XL:     7   Next: 56%
Magic:  7/7        EV:  9    Int: 11    God:
Gold:   217        SH:  0    Dex: 10    Spells: 5/8 levels left

rFire    . . .     SeeInvis .     - Unarmed
rCold    . . .     Faith    .   (no shield)
rNeg     . . .     Spirit   .   a - +0 robe
rPois    .         Reflect  .   (helmet restricted)
rElec    .         Harm     .   (no cloak)
rCorr    .         Rampage  .   (gloves unavailable)
Will     .....                  (boots unavailable)
Stlth    +.........             (no amulet)
HPRegen  1.20/turn              i - +6 ring of strength
MPRegen  0.10/turn              (no ring)

@: attractive
A: large, unfitting armour, claws 3, regeneration 1, shaggy fur 1, tough skin 1
a: no special abilities


You were on level 5 of the Dungeon.
You visited 1 branch of the dungeon, and saw 5 of its levels.

You collected 217 gold pieces.

Inventory:

Missiles
 b - 4 large rocks
 c - 2 throwing nets {=f}
 d - 75 stones (quivered)
 f - 8 atropa-tipped darts
 q - 23 poisoned darts
Armour
 a - a +0 robe (worn)
 o - a +0 kite shield
Jewellery
 i - a +6 ring of strength (left claw)
 u - a ring of magical power
Wands
 s - a wand of polymorph (10)
Scrolls
 h - a scroll of vulnerability {unknown}
 j - 3 scrolls of immolation {unknown}
 k - 3 scrolls of identify {@r4}
 l - a scroll of teleportation {unknown}
 m - a scroll of enchant armour {unknown}
 n - a scroll of amnesia {unknown}
 p - a scroll of noise {unknown}
Potions
 e - 3 potions of curing
 r - a potion of flight {unknown}
 t - a potion of resistance {unknown}


   Skills:
 - Level 0.7 Fighting
 + Level 4.7 Throwing
 - Level 1.5 Dodging
 * Level 6.8 Unarmed Combat
 - Level 1.0 Spellcasting
 - Level 2.0 Hexes


You had 5 spell levels left.
You knew the following spells:

 Your Spells              Type           Power      Damage    Failure   Level
a - Slow                  Hex            4%         N/A       22%         2
b - Corona                Hex            4%         N/A       14%         1

Your spell library contained the following spells:

 Spells                   Type           Power      Damage    Failure   Level
 Confusing Touch          Hex            4%         N/A       38%         3
 Inner Flame              Hex/Fire       2%         N/A       54%         3
 Portal Projectile        Hex/Tloc       4%         N/A       54%         3
 Vampiric Draining        Necr           0%         2d6       67%         3
 Cause Fear               Hex            2%         N/A       80%         4
 Leda's Liquefaction      Hex/Erth       1%         N/A       91%         4
 Yara's Violent Unravell  Hex/Tmut       1%         3d3       99%         5
 Bolt of Magma            Conj/Fire/Erth 0%         4d4       100%        5
 Statue Form              Tmut/Erth      0%         N/A       100%        6


Dungeon Overview and Level Annotations

Branches:
Dungeon (5/15)
 Temple: D:4-7

Altars:
The Shining One

Annotations:
D:3 exclusion: water moccasin
D:4 2 transporters, Sharkman1231's ghost, amateur DsAK


Innate Abilities, Weirdness & Mutations

You are too large for most types of armour.
You have claws for hands.
Your natural rate of healing is unusually fast.
You are covered in fur. (AC +1)
You have tough skin. (AC +1)


Message History

The phantom is heavily damaged.
The orc barely misses you. The phantom barely misses you.
The howler monkey closely misses you.
You claw the phantom!
The phantom is almost destroyed.
The orc closely misses you. The phantom hits you.
The phantom blinks!
You blink.
You claw the phantom!
You destroy the phantom!
The howler monkey hoots and howls with incredible vigour!
You hear a shout!
The orc wizard points at you and mumbles some strange words.
The magic dart hits you.
* * * LOW HITPOINT WARNING * * *
There is an open door here.
The howler monkey hoots and howls with incredible vigour!
The howler monkey barely misses you. The howler monkey closely misses you.
You closely miss the orc.
The centaur shoots an arrow.
The arrow hits you!
* * * LOW HITPOINT WARNING * * *
The howler monkey hoots and howls with incredible vigour!
The orc hits you but does no damage.
The centaur shoots an arrow.
The arrow hits you!
* * * LOW HITPOINT WARNING * * *
Unknown command.
Aiming: Polymorph
Press: ? - help, Shift-Dir - straight line, f - centaur
Aim: a centaur, wielding a +0 shortbow, wearing a +0 robe and quivering arrows (will become a bullfrog, a tengu, or a sky beast, chance to affect: 46%)
Okay, then.
Enter note: - shit
As you read the scroll labelled XIQ ZESISK, it crumbles to dust.
It is a scroll of identify.
e - 3 potions of curing The howler monkey hits you.
* * * LOW HITPOINT WARNING * * *
Okay, then.
It was a potion of attraction.
You feel attractive to monsters.
The centaur shoots an arrow.
The arrow hits you!
You die...

........# .......#
......# #.....#
#.....# #.....#######
#............
#####............
#...#............ .
#.ooo............
....#.@h#............
.....'...#..........>.
.....#...#....<.......
.....#...#............
.... #...#.....#######
... #...#.....# ...
#.c.#.....#
#...'.....#
#...#.....# ..#......


You could see a centaur, a howler monkey (catching breath), an orc wizard and 2
orcs.

Vanquished Creatures
  Grinder (D:4)
  2 ogres (D:4)
  A phantom (D:5)
  A scorpion (D:4)
  A howler monkey (D:4)
  A wight (D:5)
  A jelly (D:3)
  An orc wizard (D:5)
  5 adders
  2 worms
  2 dart slugs
  16 orcs
  9 endoplasms
  3 giant cockroaches (D:1)
  4 goblins
  3 hobgoblins
  A jackal (D:3)
  4 kobolds
  3 quokkas
  2 ball pythons
  5 bats
  2 frilled lizards
  5 rats
75 creatures vanquished.

Notes
Turn   | Place    | Note
-------+----------+-------------------------------------------
     0 | D:1      | grimtooth the Troll Arcane Marksman began the quest for the
                  | Orb.
     0 | D:1      | Reached XP level 1. HP: 18/18 MP: 1/1
   261 | D:1      | Reached skill level 1 in Unarmed Combat
   308 | D:1      | Reached XP level 2. HP: 26/26 MP: 0/2
   362 | D:1      | Found a faded altar of an unknown god.
   870 | D:1      | Learned a level 2 spell: Slow
   990 | D:2      | Reached skill level 2 in Unarmed Combat
   990 | D:2      | Reached XP level 3. HP: 24/32 MP: 3/3
  1060 | D:2      | Found a glowing golden altar of the Shining One.
  1460 | D:3      | Reached XP level 4. HP: 40/40 MP: 4/4
  1504 | D:3      | Reached skill level 3 in Unarmed Combat
  2144 | D:3      | Reached XP level 5. HP: 40/40 MP: 5/5
  2305 | D:3      | Noticed a water moccasin
  2400 | D:4      | Found a transporter.
  2434 | D:4      | Noticed Sharkman1231's ghost (amateur DsAK)
  2436 | D:4      | Noticed an ogre
  2437 | D:4      | Noticed an ogre
  2556 | D:4      | Reached skill level 4 in Unarmed Combat
  2634 | D:4      | Noticed an ogre
  2646 | D:4      | Killed an ogre
  2647 | D:4      | Reached XP level 6. HP: 54/54 MP: 6/6
  2741 | D:4      | Reached skill level 5 in Unarmed Combat
  3037 | D:5      | Entered Level 5 of the Dungeon
  3414 | D:4      | Found a transporter.
  3423 | D:5      | Noticed Grinder
  3438 | D:4      | Killed Grinder
  3439 | D:4      | Reached skill level 6 in Unarmed Combat
  3439 | D:4      | Reached XP level 7. HP: 20/61 MP: 5/7
  3493 | D:5      | - shit
  3493 | D:5      | HP: 2/61 [howler monkey (6)]
  3494 | D:5      | Shot with an arrow by a centaur

Illustrated notes

........# .......#
......# #.....#
#.....# #.....#######
#............
#####............
#..o#............ .
#..o'o...........
....#.@h#............
.....'...#..........>.
.....#...#....<.......
.....#...#............
.... #...#.....#######
... #...#.....# ...
#...#.....#
#c..'.....#
#...#.....# ..#......


Turn 3493 on D:5: - shit

Levels and vault maps discovered:
D:1:      psy_arrival_radial02, layout_loops_ring,
          shapermc_ecumenical_altar_mp_vishouse, minmay_misc_feat_doors,
          chequers_serial_rivers_small_3
D:2:      layout_rooms, basic_altar
D:3:      minmay_octagon_keep, layout_rooms, grunt_decor_mini_mirrors
D:4:      layout_gridville, gammafunk_ghost_smash
D:5:      layout_gridville, minmay_pentangle, uniq_grinder

Skill      XL: |  1  2  3  4  5  6 |
---------------+-------------------+-----
Throwing       | 2 3 4 |  4.7
Unarmed Combat | 1 2 3 4 6 |  6.8
Fighting       | |  0.7
Dodging        | |  1.5
Spellcasting   | |  1.0
Hexes          | |  2.0

Action                   |  1- 3 |  4- 6 |  7- 9 || total
-------------------------+-------+-------+-------++-------
Melee: Unarmed           |    61 |    92 |     8 ||   161
Throw: Stone             |    64 |    97 |       ||   161
       Dart              |       |    14 |       ||    14
 Cast: Corona            |     1 |     1 |       ||     2
       Slow              |       |     6 |       ||     6
  Use: Scroll            |       |       |     1 ||     1
       Potion            |       |       |     1 ||     1
 Stab: Sleeping          |     1 |       |       ||     1
Armor: Robe              |    27 |    21 |     6 ||    54
Dodge: Dodged            |    25 |    38 |    12 ||    75
